 Dungeon Crawl Stone Soup version 0.31-a0-702-gf82c85558f (webtiles) character file.

Game seed: 6860438366754647381

9727 qw the Skirmisher (level 11, -13/72 HPs)
             Began as a Gargoyle Hunter on Sept 7, 2023.
             Was a Priest of Okawaru.
             Mangled by a komodo dragon (18 damage)
             ... on level 2 of the Lair of Beasts on Sept 8, 2023.
             The game lasted 00:03:55 (9354 turns).

qw the Skirmisher (Gargoyle Hunter)                 Turns: 9354, Time: 00:03:55

Health: -13/72     AC: 16    Str: 16    XL:     11   Next: 51%
Magic:  12/14      EV: 18    Int:  9    God:    Okawaru [***...]
Gold:   543        SH:  0    Dex: 19    Spells: 10/10 levels left

rFire   + . .        Y - +2 arbalest (elec)
rCold   + . .        (shield currently unavailable)
rNeg    + + .        m - +1 leather armour of the Desolation of Salt {rC++ rN+ Dex+2 Slay-3}
rPois   inf          (no helmet)
rElec   +            (no cloak)
rCorr   +            h - +2 pair of gloves
SInv    .            (no boots)
Will    .....        (no amulet)
Stlth   +++          d - ring of resist corrosion
HPRegen 0.32/turn    q - ring of fire
MPRegen 0.14/turn

%: no passive effects
@: about to teleport, heroic
A: sickness immunity, AC +8, negative energy resistance 1, electricity
resistance, torment resistance 1, petrification resistance
a: Renounce Religion, Heroism


You were on level 2 of the Lair of Beasts.
You worshipped Okawaru.
Okawaru was most pleased with you.
You visited 3 branches of the dungeon, and saw 12 of its levels.

You collected 543 gold pieces.


Innate Abilities, Weirdness & Mutations

You are immune to sickness and miasma.
Your stone body is resilient. (AC +8)
You are immune to poison.
You resist negative energy. (rN+)
You are resistant to electric shocks. (rElec)
You are resistant to unholy torment.
You are immune to petrification.


   Skills:
 + Level 9.8(14.8) Fighting
 - Level 14.1(19.1) Ranged Weapons
 - Level 2.2(7.2) Armour
 - Level 5.1(10.1) Dodging
 - Level 1.1(6.1) Stealth
 - Level 4.0 Invocations


You had 10 spell levels left.
You didn't know any spells.
Your spell library was empty.

Inventory:

Hand Weapons
 Y - a +2 arbalest of electrocution (weapon)
Armour
 f - a +0 ring mail
 h - a +2 pair of gloves (worn)
 m - the +1 leather armour of the Desolation of Salt (worn) {rC++ rN+ Dex+2 Slay-3}
   (You found it on level 5 of the Dungeon)

   Dex+2:     It affects your dexterity (+2).
   Slay-3:    It affects your accuracy & damage with ranged weapons and melee
   (-3).
   rC++:      It greatly protects you from cold.
   rN+:       It protects you from negative energy.
Jewellery
 d - a ring of resist corrosion (left hand)
 q - a ring of fire (right hand)
Scrolls
 i - a scroll of enchant armour
 k - a scroll of identify
Potions
 a - 2 potions of resistance
 b - 3 potions of mutation
 c - 2 potions of enlightenment
 e - 5 potions of heal wounds
 g - 2 potions of curing
 j - a potion of might
 n - a potion of magic {unknown}
 o - a potion of degeneration {unknown}
 s - a potion of haste {unknown}
 t - a potion of ambrosia {unknown}

Dungeon Overview and Level Annotations

Branches:
Dungeon (9/15)             Temple (1/1) D:5            Lair (2/5) D:9
  Swamp: Lair:2-3    Shoals: Lair:2-3     Snake: Lair:2-3    Spider: Lair:2-3
    Orc: D:9-12

Altars:
Ashenzari
Cheibriados
Dithmenos
Elyvilon
Gozag
Kikubaaqudgha
Makhleb
Nemelex Xobeh
Okawaru
Qazlal
Ru
Trog
Uskayaw
Vehumet
Wu Jian
Xom
Yredelemnul
Zin
The Shining One

Annotations:
D:7 1 runed translucent door, Crazy Yiuf
D:9 2 runed translucent doors


Message History

The naga shouts!
The naga is heavily wounded.
You hear a shout! x2
The naga spits poison at you. The splash of poison misses you.
You shoot a bolt. The bolt hits the naga!
The naga is almost dead.
You hear a shout!
You hear an angry hiss.
You shoot a bolt.
The bolt hits the naga but does no damage.
The naga is almost dead.
You shoot a bolt. The bolt hits the naga!!
You kill the naga!
Okawaru accepts your kill.
You start resting.
A naga comes into view. It is wielding a +0 dire flail.
You shoot a bolt. The bolt hits the naga!
The naga is severely wounded.
You shoot a bolt. The bolt hits the naga!
Lightning courses through the naga!
You kill the naga!
Okawaru accepts your kill.
A komodo dragon comes into view.
You shoot a bolt.
The bolt barely misses the komodo dragon.
The komodo dragon hisses angrily.
You shoot a bolt.
The bolt hits the komodo dragon but does no damage.
The komodo dragon bites you!!
You shoot a bolt.
The bolt hits the komodo dragon but does no damage.
You feel like a meek peon again. The komodo dragon barely misses you.
9353 ||| INVOKING Heroism.
You gain the combat prowess of a mighty hero.
The komodo dragon bites you!!
9354 ||| READING scroll of teleportation.
As you read the scroll of teleportation, it crumbles to dust.
You feel strangely unstable. The komodo dragon bites you!!
You die...

. .. ...
#...
#...)
#..)#####
#...l@.$#
###.P..##
####.# .#
.. ...
... ....


You could see a komodo dragon.

Vanquished Creatures
  A two-headed ogre (D:6)
  A deep elf pyromancer (D:7)
  2 elephants
  2 black mambas (Lair:1)
  A troll (D:7)
  4 blink frogs (Lair:1)
  Prince Ribbit (D:7)
  2 wyverns (D:9)
  10 yaks
  A steam dragon (D:5)
  2 nagas (Lair:2)
  An acid dragon (D:9)
  2 water moccasins (Lair:1)
  A sky beast (D:7)
  2 ice beasts
  3 orc warriors
  3 black bears
  An ogre (D:7)
  2 centaurs
  3 wolves (Lair:1)
  5 kobold brigands
  8 bullfrogs
  A scorpion (D:5)
  10 wights
  4 killer bees (D:9)
  4 hounds
  An iron imp (D:3)
  7 orc priests
  A gnoll bouda (D:5)
  A sleepcap (D:4)
  Natasha (D:1)
  2 iguanas (D:5)
  8 orc wizards
  6 gnolls
  3 adders
  A shadow imp (D:6)
  2 white imps (D:5)
  3 worms
  3 dart slugs
  35 orcs
  5 ball pythons
  2 bats
  8 endoplasms
  4 giant cockroaches
  7 goblins
  2 hobgoblins
  31 kobolds
  3 quokkas
  A frilled lizard (D:1)
  4 rats
218 creatures vanquished.

Notes
Turn   | Place    | Note
-------+----------+-------------------------------------------
     0 | D:1      | qw the Gargoyle Hunter began the quest for the Orb.
     0 | D:1      | Reached XP level 1. HP: 12/12 MP: 1/1
     0 | D:1      | 0 ||| qw: Version: 0.3-a-76-g4403597
     0 | D:1      | 0 ||| qw: Game counter: 927
     0 | D:1      | 0 ||| qw: Melee chars always use a shield: true
     0 | D:1      | 0 ||| qw: God list: Okawaru
     0 | D:1      | 0 ||| qw: Allow faded altars: false
     0 | D:1      | 0 ||| qw: Do Orc after clearing Dungeon:15 true
     0 | D:1      | 0 ||| qw: Do second Lair branch before Depths: true
     0 | D:1      | 0 ||| qw: Lair rune preference: random
     0 | D:1      | 0 ||| qw: Goals: Normal
     0 | D:1      | 0 ||| PLANNING D:1-11
   246 | D:1      | HP: 3/12 [ball python (3)]
   248 | D:1      | Reached XP level 2. HP: 5/17 MP: 2/2
  1026 | D:1      | 1026 ||| UPGRADING to +0 ring mail.
  1036 | D:1      | 1036 ||| DROPPING +0 leather armour.
  1037 | D:1      | 1037 ||| UPGRADING to ring of resist corrosion.
  1038 | D:1      | 1038 ||| READING scroll labelled CUQOTE WEILYNY.
  1039 | D:1      | 1039 ||| READING scroll labelled AZOPUE WENLILE.
  1040 | D:1      | 1040 ||| DRINKING 2 green potions.
  1041 | D:1      | 1041 ||| DROPPING scroll of butterflies.
  1046 | D:2      | 1046 ||| STAIRDANCE
  1051 | D:2      | Noticed Natasha
  1052 | D:2      | 1052 ||| STAIRDANCE
  1059 | D:2      | 1059 ||| STAIRDANCE
  1069 | D:1      | Killed Natasha
  1070 | D:1      | Reached XP level 3. HP: 9/21 MP: 3/3
  1500 | D:2      | Reached XP level 4. HP: 26/26 MP: 4/4
  1513 | D:2      | Reached skill level 5 in Ranged Weapons
  1963 | D:2      | 1963 ||| UPGRADING to +2 pair of gloves.
  1968 | D:2      | 1968 ||| READING scroll labelled RARORUD ROTEN.
  1969 | D:2      | 1969 ||| READING scroll labelled UCHAEMUMYDGH.
  1970 | D:2      | 1970 ||| READING scroll labelled HUDAZU PIHIKIN.
  2071 | D:3      | Found a basalt altar of Yredelemnul.
  2104 | D:3      | Found a faded altar of an unknown god.
  2439 | D:3      | Reached skill level 3 in Fighting
  2741 | D:3      | Found a snail-covered altar of Cheibriados.
  2755 | D:3      | Reached XP level 5. HP: 31/32 MP: 5/5
  2758 | D:3      | 2758 ||| READING scroll labelled OGRIKO HONEOPS.
  2759 | D:3      | 2759 ||| READING scroll labelled EXIQILOSIL.
  2860 | D:3      | 2860 ||| DRINKING 2 clear potions.
  2861 | D:3      | 2861 ||| DRINKING 5 bubbling purple potions.
  2862 | D:3      | 2862 ||| READING 2 scrolls of identify.
  2862 | D:3      | 2862 ||| IDENTIFYING amethyst potion
  2910 | D:4      | 2910 ||| DRINKING 4 potions of curing.
  2910 | D:4      | 2910 ||| (to cure confusion)
  2915 | D:4      | 2915 ||| FLEEEEING.
  2924 | D:4      | Reached skill level 6 in Ranged Weapons
  2928 | D:4      | Reached XP level 6. HP: 34/37 MP: 6/6
  3006 | D:4      | Found a shadowy altar of Dithmenos.
  3124 | D:4      | Found a burning altar of Makhleb.
  3660 | D:4      | 3660 ||| DROPPING scarf of invisibility.
  3661 | D:4      | 3661 ||| READING 2 scrolls labelled JAPHI MAME.
  3662 | D:4      | 3662 ||| READING 2 scrolls of identify.
  3662 | D:4      | 3662 ||| IDENTIFYING yellow potion
  3663 | D:4      | 3663 ||| DROPPING potion of brilliance.
  3697 | D:5      | Entered Level 5 of the Dungeon
  3725 | D:5      | Found a staircase to the Ecumenical Temple.
  3726 | D:5      | 3726 ||| PLANNING TEMPLE
  3737 | Temple   | Entered the Ecumenical Temple
  3738 | Temple   | 3738 ||| PLANNING D:1-11
  3899 | D:5      | 3899 ||| Stepping ~*~*~tactically~*~*~ (retreating).
  3900 | D:5      | 3900 ||| Stepping ~*~*~tactically~*~*~ (retreating).
  3901 | D:5      | 3901 ||| Stepping ~*~*~tactically~*~*~ (retreating).
  3902 | D:5      | 3902 ||| Stepping ~*~*~tactically~*~*~ (retreating).
  3904 | D:5      | 3904 ||| Stepping ~*~*~tactically~*~*~ (retreating).
  3906 | D:5      | 3906 ||| Stepping ~*~*~tactically~*~*~ (retreating).
  3907 | D:5      | 3907 ||| Stepping ~*~*~tactically~*~*~ (retreating).
  3908 | D:5      | 3908 ||| Stepping ~*~*~tactically~*~*~ (retreating).
  3909 | D:5      | 3909 ||| Stepping ~*~*~tactically~*~*~ (retreating).
  3957 | D:5      | Noticed a steam dragon
  3959 | D:5      | 3959 ||| Stepping ~*~*~tactically~*~*~ (cloud).
  3964 | D:5      | 3964 ||| RETREATING.
  3966 | D:5      | 3966 ||| Stepping ~*~*~tactically~*~*~ (retreating).
  3967 | D:5      | 3967 ||| Stepping ~*~*~tactically~*~*~ (retreating).
  3972 | D:5      | Reached skill level 7 in Ranged Weapons
  3972 | D:5      | Reached XP level 7. HP: 36/43 MP: 7/7
  3980 | D:5      | Killed a steam dragon
  4018 | D:5      | 4018 ||| FLEEEEING.
  4088 | D:5      | Reached skill level 8 in Ranged Weapons
  4092 | D:5      | 4092 ||| Stepping ~*~*~tactically~*~*~ (outnumbered).
  4110 | D:5      | HP: 9/44 [orc priest/nerve-wracking pain (6)]
  4111 | D:5      | 4111 ||| DRINKING 3 potions of heal wounds.
  4170 | D:5      | Identified the +6 rapier of the Feather {drain, Drain rF+
                  | Str+2 Int+3}
  4171 | D:5      | Identified the +1 leather armour of the Desolation of Salt
                  | {rC++ rN+ Dex+2 Slay-3}
  4195 | D:5      | 4195 ||| SWAPPING to +0 orcbow.
  4196 | D:5      | 4196 ||| DROPPING +0 shortbow of draining.
  4275 | D:5      | Found an iron altar of Okawaru.
  4276 | D:5      | 4276 ||| PLANNING OKAWARU WORSHIP
  4281 | D:5      | 4281 ||| UPGRADING to +1 leather armour of the Desolation
                  | of Salt {rC++ rN+ Dex+2 Slay-3}.
  4291 | D:5      | 4291 ||| READING scroll labelled IBBAOT GEWAFEI.
  4298 | D:5      | Became a worshipper of Warmaster Okawaru
  4299 | D:5      | 4299 ||| PLANNING D:1-11
  4375 | D:5      | Reached XP level 8. HP: 28/49 MP: 8/8
  4695 | D:6      | Noticed a two-headed ogre
  4707 | D:6      | Killed a two-headed ogre
  4707 | D:6      | Reached * piety under Okawaru
  4708 | D:6      | Reached skill level 10 in Ranged Weapons
  4800 | D:6      | 4800 ||| INVOKING Heroism.
  4806 | D:6      | Reached skill level 1 in Invocations
  4835 | D:6      | 4835 ||| INVOKING Heroism.
  4853 | D:6      | 4853 ||| INVOKING Heroism.
  4855 | D:6      | Reached XP level 9. HP: 25/55 MP: 6/10
  5007 | D:6      | 5007 ||| INVOKING Heroism.
  5011 | D:6      | Reached skill level 6 in Fighting
  5128 | D:6      | Reached skill level 3 in Invocations
  5165 | D:6      | 5165 ||| INVOKING Heroism.
  5327 | D:6      | Reached skill level 3 in Dodging
  5427 | D:6      | 5427 ||| INVOKING Heroism.
  5459 | D:6      | 5459 ||| SWAPPING to +0 arbalest of electrocution.
  5460 | D:6      | 5460 ||| DROPPING +1 orcbow.
  5783 | D:6      | 5783 ||| DROPPING ring of wizardry.
  5784 | D:6      | 5784 ||| UPGRADING to ring of fire.
  5785 | D:6      | 5785 ||| READING 2 scrolls of identify.
  5785 | D:6      | 5785 ||| IDENTIFYING golden potion
  5875 | D:7      | Noticed a deep elf pyromancer
  5875 | D:7      | Noticed a troll
  5876 | D:7      | 5876 ||| RETREATING.
  5879 | D:7      | 5879 ||| INVOKING Heroism.
  5881 | D:7      | Killed a troll
  5889 | D:7      | Killed a deep elf pyromancer
  6029 | D:7      | 6029 ||| READING scroll of enchant weapon.
  6029 | D:7      | 6029 ||| ENCHANTING +0 arbalest of electrocution.
  6170 | D:7      | Noticed Prince Ribbit
  6173 | D:7      | 6173 ||| INVOKING Heroism.
  6177 | D:7      | Reached skill level 11 in Ranged Weapons
  6187 | D:7      | Killed Prince Ribbit
  6231 | D:7      | 6231 ||| INVOKING Heroism.
  6235 | D:7      | Reached XP level 10. HP: 64/64 MP: 10/13
  6313 | D:7      | Found a faded altar of an unknown god.
  6494 | D:7      | Found a runed translucent door.
  6495 | D:7      | Noticed Crazy Yiuf
  6606 | D:7      | 6606 ||| READING 2 scrolls labelled WYHENI SINOCUME.
  6607 | D:7      | 6607 ||| READING 2 scrolls of identify.
  6607 | D:7      | 6607 ||| IDENTIFYING smoky inky potion
  6608 | D:7      | 6608 ||| DROPPING scroll of immolation.
  6722 | D:8      | 6722 ||| RETREATING.
  6726 | D:8      | 6726 ||| INVOKING Heroism.
  6728 | D:8      | 6728 ||| Stepping ~*~*~tactically~*~*~ (retreating).
  6729 | D:8      | 6729 ||| Stepping ~*~*~tactically~*~*~ (retreating).
  6738 | D:8      | 6738 ||| INVOKING Heroism.
  6744 | D:8      | HP: 12/64 [orc warrior/+2 antimagic glaive (10)]
  6745 | D:8      | 6745 ||| READING scroll of teleportation.
  6746 | D:8      | 6746 ||| DRINKING 6 potions of heal wounds.
  6897 | D:8      | 6897 ||| INVOKING Heroism.
  6977 | D:8      | 6977 ||| Stepping ~*~*~tactically~*~*~ (outnumbered).
  6980 | D:8      | 6980 ||| Stepping ~*~*~tactically~*~*~ (outnumbered).
  6984 | D:8      | 6984 ||| Stepping ~*~*~tactically~*~*~ (outnumbered).
  6986 | D:8      | 6986 ||| Stepping ~*~*~tactically~*~*~ (outnumbered).
  7003 | D:8      | 7003 ||| DRINKING 4 potions of curing.
  7003 | D:8      | 7003 ||| (to cure confusion)
  7005 | D:8      | 7005 ||| DRINKING 3 potions of curing.
  7005 | D:8      | 7005 ||| (to cure confusion)
  7061 | D:8      | 7061 ||| READING scroll of enchant weapon.
  7061 | D:8      | 7061 ||| ENCHANTING +1 arbalest of electrocution.
  7231 | D:8      | 7231 ||| READING scroll labelled COEDIU RACSE.
  7232 | D:8      | 7232 ||| READING scroll labelled NEAVAE HOUDURU.
  7233 | D:8      | 7233 ||| READING 2 scrolls of identify.
  7233 | D:8      | 7233 ||| IDENTIFYING bubbling ruby potion
  7234 | D:8      | 7234 ||| DROPPING potion of attraction.
  7278 | D:9      | Found a staircase to the Lair.
  7278 | D:9      | Noticed an elephant
  7279 | D:9      | 7279 ||| RETREATING.
  7292 | D:9      | Reached skill level 12 in Ranged Weapons
  7298 | D:9      | Killed an elephant
  7298 | D:9      | Reached ** piety under Okawaru
  7351 | D:9      | Found an opulent altar of Gozag.
  7477 | D:9      | 7477 ||| Stepping ~*~*~tactically~*~*~ (outnumbered).
  7478 | D:9      | 7478 ||| Stepping ~*~*~tactically~*~*~ (outnumbered).
  7481 | D:9      | 7481 ||| INVOKING Heroism.
  7520 | D:9      | 7520 ||| INVOKING Heroism.
  7608 | D:9      | 7608 ||| RETREATING.
  7620 | D:9      | 7620 ||| Stepping ~*~*~tactically~*~*~ (retreating).
  7622 | D:9      | 7622 ||| Stepping ~*~*~tactically~*~*~ (retreating).
  7623 | D:9      | 7623 ||| Stepping ~*~*~tactically~*~*~ (retreating).
  7624 | D:9      | 7624 ||| Stepping ~*~*~tactically~*~*~ (retreating).
  7679 | D:9      | 7679 ||| RETREATING.
  7682 | D:9      | 7682 ||| RETREATING.
  7683 | D:9      | 7683 ||| Stepping ~*~*~tactically~*~*~ (retreating).
  7684 | D:9      | 7684 ||| Stepping ~*~*~tactically~*~*~ (retreating).
  7685 | D:9      | 7685 ||| Stepping ~*~*~tactically~*~*~ (retreating).
  7688 | D:9      | Reached skill level 13 in Ranged Weapons
  7688 | D:9      | 7688 ||| INVOKING Heroism.
  7693 | D:9      | HP: 16/64 [wyvern (4)]
  7694 | D:9      | 7694 ||| READING scroll of teleportation.
  7695 | D:9      | 7695 ||| DRINKING 7 potions of heal wounds.
  7975 | D:9      | Reached skill level 9 in Fighting
  7985 | D:9      | 7985 ||| Stepping ~*~*~tactically~*~*~ (outnumbered).
  8071 | D:9      | Found a large runed translucent door.
  8072 | D:9      | Found a large runed translucent door.
  8211 | D:9      | 8211 ||| PLANNING LAIR
  8211 | D:9      | 8211 ||| READING scroll labelled REIWKAGH ITHRU.
  8212 | D:9      | 8212 ||| DRINKING 2 orange potions.
  8250 | D:9      | 8250 ||| DROPPING potion of lignification.
  8276 | Lair:1   | Entered Level 1 of the Lair of Beasts
  8278 | Lair:1   | 8278 ||| STAIRDANCE
  8332 | Lair:1   | Reached XP level 11. HP: 71/71 MP: 14/14
  8353 | Lair:1   | Reached *** piety under Okawaru
  8433 | Lair:1   | 8433 ||| RETREATING.
  8440 | Lair:1   | 8440 ||| Stepping ~*~*~tactically~*~*~ (retreating).
  8442 | Lair:1   | 8442 ||| Stepping ~*~*~tactically~*~*~ (retreating).
  8443 | Lair:1   | 8443 ||| Stepping ~*~*~tactically~*~*~ (retreating).
  8444 | Lair:1   | 8444 ||| Stepping ~*~*~tactically~*~*~ (retreating).
  8445 | Lair:1   | 8445 ||| Stepping ~*~*~tactically~*~*~ (retreating).
  8446 | Lair:1   | 8446 ||| Stepping ~*~*~tactically~*~*~ (retreating).
  8447 | Lair:1   | 8447 ||| Stepping ~*~*~tactically~*~*~ (retreating).
  8555 | Lair:1   | 8555 ||| INVOKING Heroism.
  8593 | Lair:1   | 8593 ||| INVOKING Heroism.
  8603 | Lair:1   | Reached skill level 14 in Ranged Weapons
  9053 | Lair:1   | 9053 ||| INVOKING Heroism.
  9303 | Lair:1   | 9303 ||| INVOKING Heroism.
  9330 | Lair:2   | 9330 ||| STAIRDANCE
  9332 | Lair:2   | 9332 ||| INVOKING Heroism.
  9337 | Lair:2   | HP: 17/71 [elephant (8)]
  9338 | Lair:2   | 9338 ||| READING 2 scrolls of teleportation.
  9339 | Lair:2   | 9339 ||| DRINKING 6 potions of heal wounds.
  9353 | Lair:2   | 9353 ||| INVOKING Heroism.
  9353 | Lair:2   | HP: 4/72 [komodo dragon (18)]
  9354 | Lair:2   | 9354 ||| READING scroll of teleportation.
  9354 | Lair:2   | Mangled by a komodo dragon

Levels and vault maps discovered:
D:1:      saegor_arrival_simple_b, layout_basic
D:2:      layout_basic, nrook_loot_triangle, uniq_natasha
D:3:      layout_basic, slow_altar_2, old_standard_altar,
          chequers_ecumenical_altar_simple_redux, minmay_cut_off
D:4:      layout_basic, kennysheep_mini, mainiacjoe_overflow_chevrons
D:5:      layout_gridville, lemuel_tele_altar, minmay_temple_entry_slanted
D:6:      layout_gridville, chequers_serial_rivers_micro_b
D:7:      layout_cave_pools, serial_column_ruins, column_ruins_temple_hut,
          column_ruins_hut, column_ruins_grid_1, column_ruins_columns_corner,
          column_ruins_columns_corner, column_ruins_columns_corner,
          column_ruins_open_medium, column_ruins_grid_1, serial_bayou_lagoon_a,
          uniq_prince_ribbit1, uniq_crazy_yiuf_cottage
D:8:      layout_cave_pools
D:9:      layout_gridville, mainiacjoe_overflow_brackets, jmf_multi_god_temple2,
          david_lair_generic
Temple:   nicolae_temple_god_jail
Lair:1:   layout_cave_pods, infiniplex_staircase_pool
Lair:2:   layout_small_grid, minmay_snake_entry_guardpost_small,
          hellmonk_ghost_happy_afterlife, hangedman_lair_unloving_vines,
          hellmonk_guarded_unrand_zhor

Skill      XL: |  1  2  3  4  5  6  7  8  9 10 11 |
---------------+----------------------------------+-----
Armour         | 2 |  2.2
Ranged Weapons | 5 6 7 8 10 11 13 14 | 14.1
Fighting       | 3 4 5 8 9 |  9.8
Dodging        | 2 3 4 5 |  5.1
Invocations    | 2 4 |  4.0
Stealth        | |  1.1

Action                     |  1- 3 |  4- 6 |  7- 9 | 10-12 || total
---------------------------+-------+-------+-------+-------++-------
   Fire: Shortbow          |    72 |   191 |    47 |       ||   310
         Orcbow            |       |       |   173 |       ||   173
         Arbalest          |       |       |    44 |   282 ||   326
 Invoke: Heroism           |       |       |     9 |    12 ||    21
    Use: Scroll            |     2 |     8 |     3 |    11 ||    24
         Potion            |     1 |     3 |     1 |     6 ||    11
 Armour: Leather armour    |    16 |       |    77 |   144 ||   237
         Ring mail         |    14 |    63 |    28 |       ||   105
  Dodge: Dodged            |    22 |    53 |   102 |   151 ||   328

Table legend:
 A = Non-vault XP
 B = Vault XP
 C = Vault XP percentage of total XP
 D = Non-vault monster count
 E = Vault monster count
 F = Vault count percentage of total count
                 A         B        C        D         E       F
            +---------+---------+-------+---------+---------+-------
      Total |   11598 |    2299 |  16.5 |     204 |      14 |   6.4
            +---------+---------+-------+---------+---------+-------
        D:1 |      31 |      37 |  54.4 |      16 |       1 |   5.9
        D:2 |      23 |       0 |   0.0 |      10 |       0 |   0.0
        D:3 |      52 |      56 |  51.9 |       9 |       5 |  35.7
        D:4 |     232 |       0 |   0.0 |      31 |       0 |   0.0
        D:5 |     779 |       0 |   0.0 |      22 |       0 |   0.0
        D:6 |    1927 |       0 |   0.0 |      26 |       0 |   0.0
        D:7 |     637 |     914 |  58.9 |       6 |       2 |  25.0
        D:8 |     803 |       0 |   0.0 |      23 |       0 |   0.0
        D:9 |    2679 |     969 |  26.6 |      39 |       4 |   9.3
     Lair:1 |    4012 |       0 |   0.0 |      21 |       0 |   0.0
     Lair:2 |     423 |     323 |  43.3 |       1 |       2 |  66.7
            +---------+---------+-------+---------+---------+-------
